 Dungeon Crawl Stone Soup version 0.28-a0-1395-g4f6bc678fa (webtiles) character file.

Game seed: 16738032678385568736

416 bladeefan the Covered (level 6, -2/39 HPs)
             Began as a Gargoyle Fighter on Jan 4, 2022.
             Killed from afar by a steam dragon (17 damage)
             ... with a ball of steam
             ... on level 4 of the Dungeon.
             The game lasted 00:06:14 (3457 turns).

bladeefan the Covered (Gargoyle Fighter)            Turns: 3457, Time: 00:06:15

Health: -2/39      AC: 12    Str: 22    XL:     6   Next: 92%
Magic:  6/6        EV:  9    Int:  8    God:
Gold:   130        SH:  4    Dex:  9    Spells: 5/5 levels left

rFire   . . .      SeeInvis .   a - +0 flail
rCold   . . .      Faith    .   c - +0 buckler
rNeg    + . .      Spirit   .   b - +0 scale mail
rPois   ∞          Reflect  .   j - +0 helmet
rElec   +          Harm     .   (no cloak)
rCorr   .          Rampage  .   (no gloves)
Will    .....                   (no boots)
Stlth   ..........              (no amulet)
HPRegen 0.13/turn               (no ring)
MPRegen 0.10/turn               (no ring)

@: no status effects
A: sickness immunity, AC +4, negative energy resistance 1, electricity
resistance, torment resistance 1, petrification resistance
a: no special abilities


You were on level 4 of the Dungeon.
You visited 1 branch of the dungeon, and saw 4 of its levels.

You collected 130 gold pieces.

Inventory:

Hand Weapons
 a - a +0 flail (weapon)
Armour
 b - a +0 scale mail (worn)
 c - a +0 buckler (worn)
 j - a +0 helmet (worn)
   (You found it on level 2 of the Dungeon)
Jewellery
 g - a +4 ring of evasion
   (You found it on level 1 of the Dungeon)
 o - a ring of protection from cold
   (You found it on level 2 of the Dungeon)
Scrolls
 d - a scroll of magic mapping
 f - a scroll of immolation {!r}
 i - a scroll of fear
 l - a scroll of fog
 p - a scroll of enchant weapon
Potions
 e - a potion of degeneration {!q}
 k - a potion of might
 m - 2 potions of heal wounds {unknown}
 n - a potion of curing {@q1}


   Skills:
 + Level 4.7 Fighting
 * Level 4.7 Maces & Flails
 + Level 4.7 Armour
 + Level 4.7 Shields


You had 5 spell levels left.
You didn't know any spells.
Your spell library was empty.

Dungeon Overview and Level Annotations

Branches:
Dungeon (4/15)
 Temple: D:4-7

Altars:
The Shining One

Shops:
D:1 *


Innate Abilities, Weirdness & Mutations

You are immune to sickness and miasma.
Your stone body is resilient. (AC +4)
You are immune to poison.
You resist negative energy. (rN+)
You are resistant to electric shocks. (rElec)
You are resistant to unholy torment.
You are immune to petrification.


Message History

As you read the scroll of identify {@r1}, it crumbles to dust.
e - a scroll of magic mapping
As you read the scroll of identify {@r1}, it crumbles to dust.
i - a scroll of fear
As you read the scroll of identify {@r1}, it crumbles to dust.
l - a scroll of fog
As you read the scroll of identify {@r1}, it crumbles to dust.
d - a potion of degeneration;
e - a potion of degeneration
d - a scroll of magic mapping
As you read the scroll of identify {@r1}, it crumbles to dust.
n - a potion of curing Done exploring.
Done exploring.
Done exploring.
Done exploring.
(D) Dungeon
Where to? (Enter - D:3, ? - help)
There is a stone staircase leading down here.
You climb downwards.
The adder hisses angrily.
Found 17 stones and 13 bolts.
There is a stone staircase leading up here.
An adder is nearby!
You thump the adder!
You kill the adder!
No target in view!
No target in view!
No target in view!
No target in view!
You see here an adder corpse.
Found 19 gold pieces.
You now have 117 gold pieces (gained 19).
Key pressed, stopping explore.
Key pressed, stopping explore.
Found 13 gold pieces.
You now have 130 gold pieces (gained 13).
Key pressed, stopping explore.
Found a stone staircase leading down.
A steam dragon comes into view.
The steam dragon hisses angrily.
The steam dragon breathes steam at you. The ball of steam hits you!
Unknown command.
You are engulfed in a cloud of scalding steam.
The steam dragon breathes steam at you. The ball of steam hits you!
* * * LOW HITPOINT WARNING * * *
The steam dragon breathes steam at you. The ball of steam hits you!
You die...

## #..## ##.##
#..###...####...#
.........D......## .
........#####D...###...#
.####...# ##......#
##..## #..##### ##..##
#§## ##..## #§##
##.D###@.########
##.............#
##......####..##
#...#### ##..# #...#
###..##..#
#...######.......#
##........####.>.#
#.....#### #.....
#....## #....


There were no monsters in sight!

Vanquished Creatures
  Sigmund (D:3)
  A hound (D:3)
  Jessica (D:3)
  Terence (D:3)
  An orc wizard (D:2)
  3 gnolls (D:2)
  6 adders
  5 dart slugs
  3 orcs (D:2)
  3 endoplasms
  5 giant cockroaches
  7 hobgoblins
  4 jackals (D:1)
  9 kobolds
  5 quokkas
  7 bats
  2 frilled lizards
  4 goblins
  7 rats
75 creatures vanquished.

Notes
Turn   | Place    | Note
-------+----------+-------------------------------------------
     0 | D:1      | bladeefan the Gargoyle Fighter began the quest for the Orb.
     0 | D:1      | Reached XP level 1. HP: 14/14 MP: 1/1
   163 | D:1      | Reached XP level 2. HP: 19/19 MP: 2/2
   263 | D:1      | Found Etodutyt's General Store.
   582 | D:1      | Found a faded altar of an unknown god.
   858 | D:1      | Reached XP level 3. HP: 23/23 MP: 3/3
  1519 | D:2      | Reached XP level 4. HP: 7/29 MP: 4/4
  2272 | D:2      | Reached XP level 5. HP: 33/33 MP: 5/5
  2528 | D:3      | Noticed Terence
  2542 | D:3      | Killed Terence
  2657 | D:3      | Noticed Sigmund
  2694 | D:3      | Killed Sigmund
  2695 | D:3      | Reached XP level 6. HP: 28/39 MP: 6/6
  2804 | D:3      | Found a glowing golden altar of the Shining One.
  3183 | D:3      | Noticed Jessica
  3190 | D:3      | Killed Jessica
  3429 | D:4      | Noticed a steam dragon
  3457 | D:4      | Killed from afar by a steam dragon

Illustrated notes

Levels and vault maps discovered:
D:1:      evilmike_arrival_plus, layout_loops_corners, serial_forest,
          infiniplex_forest_clump_curved, infiniplex_forest_clump_tiny,
          infiniplex_forest_end_2, infiniplex_forest_straight_4,
          infiniplex_forest_lined_room_2, infiniplex_forest_end_3,
          infiniplex_forest_clump_long, hellmonk_ecumenical_altar_heavens_door,
          serial_shops, shop_statue, minmay_misc_feat_plants
D:2:      layout_loops_ring
D:3:      layout_basic, tso_metal_star, kennysheep_nub, uniq_sigmund,
          uniq_terence, uniq_jessica
D:4:      layout_layer_cave, grunt_ministairs_13, minmay_manual_mandibuliform,
          uniq_edmund, uniq_ijyb, uniq_robin

Skill      XL: |  1  2  3  4  5 |
---------------+----------------+-----
Maces & Flails | 3 4 |  4.7
Armour         | 4 |  4.7
Shields        | 4 |  4.7
Fighting       | 4 |  4.7

Action                   |  1- 3 |  4- 6 || total
-------------------------+-------+-------++-------
Melee: Flail             |   123 |   148 ||   271
  Use: Potion            |     1 |       ||     1
       Scroll            |       |     7 ||     7
Armor: Scale mail        |    73 |    96 ||   169
Dodge: Dodged            |    73 |    63 ||   136
Block: Buckler           |    30 |    43 ||    73

Table legend: (Time is in decaauts)
 A = Elapsed time spent in this place.
 B = Non-inter-level travel time spent in this place.
 C = Inter-level travel time spent in this place.
 D = Time resting spent in this place.
 E = Time spent auto-exploring this place.
 F = Levels seen in this place.
 G = Mean time per level.
                   A        B        C        D        E       F      G
               +--------+--------+--------+--------+--------+-----+--------+
         Total |   3524 |   3432 |     92 |    559 |   2144 |   4 |  881.0 |
       Dungeon |   3524 |   3432 |     92 |    559 |   2144 |   4 |  881.0 |
               +--------+--------+--------+--------+--------+-----+--------+

Top non-repeatable levels by time:
     D:1: 1522 daAuts
     D:2: 1075 daAuts
     D:3: 803 daAuts
     D:4: 123 daAuts
